Map: Orbital Shipyard

Players

MiTziBisHi - Winner!

  • Race: Terran Terran
  • League: Silver

SticklerMac

  • Race: Zerg Zerg
  • League: Silver

VOD

Have the link to the VOD?

Description

Time

  • Played on: Sept. 13, 2015, 5:21 p.m.
  • Length: 7:31
Show
View Real Time Build Order
Export as new Build Order

MiTziBisHi Terran - Winner!

Build Orders:  

Get SALT Encoding   

  12  0:01  SCV  
  13  0:13  SCV  
  14  0:18  Supply Depot  
  14  0:25  SCV  
  15  0:34  Refinery  
  15  0:41  Barracks  
  15  0:45  SCV  
  16  0:57  SCV  
  17  1:09  SCV  
  18  1:15  Refinery  
  18  1:21  SCV  
  19  1:28  Reaper  
  19  1:31  Supply Depot  
  20  1:35  Orbital Command  
  20  1:53  Factory  
  20  2:03  Marine  
  21  2:09  Barracks  
  21  2:14  SCV  
  22  2:21  Barracks  
  22  2:26  SCV  
  23  2:34  Marine  
  24  2:51  SCV  
  25  2:52  Marine  
  26  3:03  SCV  
  26  3:35  Marine  
  26  3:36  Marine  
  26  3:40  Factory Reactor  
  28  3:43  Starport  
  28  3:52  Bunker, Marine  
  28  3:53  SCV, Marine  
  31  4:01  Armory  
  31  4:04  Command Center  
  31  4:19  Supply Depot x2  
  31  4:22  SCV, Marine  
  28  4:40  Marine x2  
  23  4:49  Marine  
  24  4:58  Marine x2  
  26  5:05  Liberator  
  26  5:07  Marine  
  25  5:11  Supply Depot  
  25  5:13  Supply Depot  
  25  5:16  Marine x2  
  25  5:23  Medivac  
  25  5:24  Widow Mine  
  30  5:46  SCV  
  31  5:56  Liberator  
  31  5:58  SCV  
  31  5:59  Widow Mine  
  34  6:10  SCV  
  35  6:14  Medivac  
  40  6:22  SCV  
  41  6:27  Bunker  
  41  6:28  Widow Mine  
  43  6:34  SCV  
  44  6:43  Marine x2  
  44  6:44  Marine  
  44  6:46  SCV  
  46  6:58  SCV  
  46  7:01  Marine x2  
  49  7:10  SCV  
  50  7:29  Barracks Tech Lab  
Show
View Real Time Build Order
Export as new Build Order

SticklerMac Zerg 

Build Orders: Hatch First, Zergling Baneling 

Get SALT Encoding   

  12  0:01  Drone  
  13  0:08  Drone  
  14  0:17  Overlord  
  14  0:35  Drone x3  
  17  0:56  Hatchery  
  16  0:59  Drone  
  16  1:01  Drone  
  18  1:08  Drone  
  19  1:15  Extractor  
  18  1:21  Spawning Pool  
  18  1:23  Drone  
  18  1:29  Drone  
  19  1:48  Drone  
  19  1:50  Overlord  
  20  2:08  Queen x2  
  20  2:11  Zergling x2  
  20  2:12  Zergling x2  
  20  2:15  Zergling x2  
  27  2:29  Zergling x4  
  29  2:34  Zergling x4  
  30  2:39  Baneling Nest  
  29  2:44  Zergling x2  
  29  2:45  Zergling x2  
  31  2:52  Zergling x2  
  31  2:57  Overlord  
  32  3:05  Zergling x2  
  31  3:22  Zergling x6  
  31  3:23  Zergling x4  
  31  3:25  Overlord x2  
  36  3:38  Overlord x2  
  36  3:47  Metabolic Boost  
  36  3:49  Zergling x2  
  37  3:57  Zergling x2  
  38  4:08  Baneling x2  
  38  4:09  Baneling x5  
  38  4:10  Baneling  
  38  4:11  Baneling  
  38  4:15  Baneling  
  38  4:20  Drone  
  38  4:22  Drone  
  40  4:38  Zergling x6  
  33  4:39  Zergling x2  
  33  4:44  Zergling x2  
  33  4:45  Zergling x2  
  36  4:49  Zergling x2  
  37  4:55  Zergling x2  
  37  4:56  Zergling x2  
  38  5:03  Zergling x4  
  40  5:18  Zergling x4  
  40  5:19  Zergling x4  
  40  5:20  Zergling x2  
  39  5:43  Drone x5  
  39  5:44  Drone  
  39  5:48  Baneling x3  
  45  5:50  Drone  
  45  5:55  Drone  
  47  5:59  Drone  
  47  6:03  Baneling x3  
  48  6:04  Baneling  
  48  6:05  Baneling  
  48  6:08  Baneling x2  
  48  6:09  Baneling  
  48  6:21  Zergling x10  
  53  6:36  Zergling x8  
  53  6:37  Zergling x6  
  53  6:39  Zergling x2  
  61  6:46  Baneling x4  
  59  7:10  Hatchery  
Tags
 
Add a new tag
Caveats
  • Supply blocks, unpowered buildings, or Contaminate may cause inaccurate times.
  • Supply counts are checked every 10 seconds.